 Dungeon Crawl Stone Soup version 0.22.1-6-g1668fe2c40 (webtiles) character file.

31493 Jakon the Protected (level 13, -26/130 HPs)
             Began as a Gargoyle Fighter on Jan 18, 2019.
             Was the Champion of Okawaru.
             Annihilated by Rupert
             ... wielding a +0 triple sword of slicing
              (38 damage)
             ... on level 3 of the Lair of Beasts.
             The game lasted 01:31:11 (18999 turns).

Jakon the Protected (Gargoyle Fighter)             Turns: 18999, Time: 01:31:11

Health: -26/130    AC: 26    Str: 21    XL:     13   Next: 58%
Magic:  17/17      EV:  2    Int: 11    God:    Okawaru [******]
Gold:   844        SH:  0    Dex: 11    Spells: 12/12 levels left

rFire    . . .     SeeInvis +   a - +2 battleaxe (flame)
rCold    . . .     Gourm    .   (shield currently unavailable)
rNeg     + + +     Faith    .   (armour currently unavailable)
rPois    ∞         Spirit   .   (helmet currently unavailable)
rElec    .         Reflect  .   (cloak currently unavailable)
rCorr    .         Harm     .   (gloves currently unavailable)
MR       +++..     Clarity  +   (boots currently unavailable) Stlth +.........NoTele +
                                u - amulet of the Four Winds {rN+ MR+++ Clar}
HPRegen  0.31/turn              d - ring of see invisible
MPRegen  0.15/turn              w - ring of positive energy

@: tree-form
A: negative energy resistance 1, petrification resistance, rot immunity, AC +9
a: Heroism, Finesse, Renounce Religion


You were on level 3 of the Lair of Beasts.
You worshipped Okawaru.
Okawaru was exalted by your worship.
You were not hungry.
You were a tree.
You visited 3 branches of the dungeon, and saw 16 of its levels.

You collected 844 gold pieces.

Inventory:

Hand Weapons
 a - a +2 battleaxe of flaming (weapon)
 r - a +0 blowgun
 J - a +0 broad axe
 Q - a +1 hand axe of flaming
Missiles
 y - 5 javelins (quivered)
 T - 24 poisoned needles
Armour
 c - a +0 shield
 j - a +0 pair of gloves (melded)
 t - a +0 cloak of poison resistance (melded)
 C - a +2 helmet (melded)
 S - a +2 pair of boots (melded)
 W - the +4 plate armour of Voschuoru (melded) {rElec}
   (Okawaru gifted it to you on level 1 of the Lair of Beasts)

   It insulates you from electricity.
Jewellery
 d - a ring of see invisible (left branch)
 m - an uncursed ring of positive energy
 u - the amulet of the Four Winds (around neck) {rN+ MR+++ Clar}
   (You found it on level 6 of the Dungeon)

   [amulet of nothing]

   It protects you from negative energy.
   It affects your resistance to hostile enchantments.
   It protects you against confusion.
 w - a ring of positive energy (right branch)
Wands
 F - a wand of flame (2)
 L - a wand of disintegration (10)
Scrolls
 e - 3 scrolls of remove curse
 g - a scroll of immolation
 k - 2 scrolls of magic mapping
 o - 2 scrolls of identify
 s - 2 scrolls of teleportation
 x - a scroll of amnesia
 D - a scroll of fog {unknown}
 G - a scroll of noise {unknown}
 I - a scroll of silence {unknown}
Potions
 h - a potion of experience {unknown}
 i - a potion of lignification
 l - 3 potions of curing
 q - a potion of ambrosia {unknown}
 z - 5 potions of brilliance
 A - a potion of mutation {unknown}
 K - 3 potions of resistance {unknown}
 M - a potion of berserk rage {unknown}
 P - 2 potions of degeneration {unknown}
Comestibles
 f - 21 rations


   Skills:
 + Level 12.4 Fighting
 + Level 10.4 Axes
 + Level 12.4 Armour
 + Level 12.3 Shields
 + Level 6.0 Invocations


You had 12 spell levels left.
You didn't know any spells.
Your spell library was empty.

Dungeon Overview and Level Annotations

Branches:
Dungeon (11/15)            Temple (1/1) D:7            Lair (4/6) D:11
  Swamp (0/4) Lair:3          Orc (0/2) D:10
  Snake: Lair:2-4    Spider: Lair:2-4

Altars:
Ashenzari
Cheibriados
Dithmenos
Elyvilon
Fedhas
Gozag
Hepliaklqana
Kikubaaqudgha
Makhleb
Nemelex Xobeh
Okawaru
Qazlal
Ru
Sif Muna
Trog
Uskayaw
Vehumet
Wu Jian
Xom
Yredelemnul
Zin
The Shining One

Shops:
D:11 (

Annotations:
Lair:2 3 runed doors, Todghulog's ghost, journeyman CeAK
Lair:3 Rupert


Innate Abilities, Weirdness & Mutations

You are resistant to torment.
((Your stone body is resilient. (AC +9)))
You are immune to poison.
You resist negative energy. (rN+)
((You are resistant to electric shocks. (rElec)))
((You can survive without breathing.))
You are immune to petrification.
You are immune to rotting.


Message History

Rupert is lightly wounded.
You hit the plant but do no damage.
Rupert hits you with a triple sword of slicing!!!
Rupert hits you with a triple sword of slicing!
You barely miss Rupert.
Rupert is lightly wounded.
You hit the plant but do no damage.
Rupert hits you with a triple sword of slicing!!
* * * LOW HITPOINT WARNING * * *
x2 You feel better.
Rupert hits you with a triple sword of slicing!!
* * * LOW HITPOINT WARNING * * *
x2 You slash Rupert!
You burn Rupert.
Rupert is lightly wounded.
You slash the plant! You burn the plant. Rupert barely misses you.
You slash Rupert! You burn Rupert.
Rupert is moderately wounded.
You hit the plant but do no damage.
Rupert hits you with a triple sword of slicing!!!
You die...

##..(.#...##.####P..#..###
############## #####..##
P# #....# ## #...## ######
##..# .....# #..## .....#
#### #...# ..(..#
.#####P.####...# ....(#
.......♣......## .(...#
......@.......# ...8.#
...###.#.###..# (..(.# #
##### ##.# ###### #.# #.#
..# #.# ##.## ###.#####
##### #...#
..^.##PP####P#.######...#


You could see Rupert (berserk).

Vanquished Creatures
  Gastronok (Lair:2)
  The ghost of Ramuipp the Fighter, a journeyman OpSk of Okawaru (Lair:3)
  5 hydras
  Erica (Lair:2)
  3 two-headed ogres
  An unseen horror (D:11)
  Pikel (D:6)
  8 spiny frogs
  A komodo dragon (Lair:2)
  4 trolls
  Prince Ribbit (D:6)
  2 dream sheep (D:10)
  8 hippogriffs
  6 blink frogs
  7 spriggans (Lair:2)
  2 shadows (D:11)
  Eustachio (D:6)
  39 yaks
  2 basilisks
  Edmund (D:6)
  3 wargs (D:11)
  4 water moccasins
  6 porcupines
  6 orc warriors
  2 black bears
  2 necrophages (D:11)
  A sky beast (D:8)
  An eye of draining (D:10)
  7 ogres
  A phantom (D:5)
  10 centaurs
  4 crocodiles
  6 big kobolds (D:10)
  11 bullfrogs
  6 gnoll sergeants (D:10)
  9 killer bees
  6 scorpions
  6 wights
  9 howler monkeys
  3 crimson imps
  A bullfrog zombie (D:8)
  4 hounds
  2 jellies
  Crazy Yiuf (D:2)
  9 orc wizards
  5 orc priests
  A centaur skeleton (D:8)
  An iron imp (D:5)
  2 bullfrog skeletons
  Jessica (D:3)
  4 iguanas
  Natasha (thrice) (D:4)
  Terence (D:2)
  7 worker ants
  A killer bee zombie (D:6)
  A hound zombie (D:5)
  A howler monkey zombie (D:8)
  9 adders
  A gnoll (D:6)
  2 shadow imps
  3 adder skeletons
  An adder zombie (D:7)
  A worm (D:3)
  2 dart slugs
  9 leopard geckos
  36 orcs
  2 ball pythons
  11 giant cockroaches
  8 goblins
  3 hobgoblins (D:1)
  13 jackals
  2 quokkas
  4 bats
  4 frilled lizards
  A goblin skeleton (D:5)
  A goblin zombie (D:5)
  4 hobgoblin zombies (D:5)
  A jackal skeleton (D:6)
  14 kobolds
  2 kobold skeletons (D:5)
  A leopard gecko skeleton (D:9)
  An orc skeleton (D:5)
  An orc zombie (D:5)
  A quokka skeleton (D:6)
  2 quokka zombies
  3 rats
  2 fungi
  3 plants
391 creatures vanquished.

Vanquished Creatures (others)
  An ogre (D:6)
  2 orcs (D:6)
  3 fungi
  3 plants
9 creatures vanquished.

Grand Total: 400 creatures vanquished

Notes
Turn   | Place    | Note
-------+----------+-------------------------------------------
     0 | D:1      | Jakon the Gargoyle Fighter began the quest for the Orb.
     0 | D:1      | Reached XP level 1. HP: 14/14 MP: 1/1
   123 | D:1      | Reached XP level 2. HP: 19/19 MP: 2/2
   616 | D:1      | Reached XP level 3. HP: 23/23 MP: 3/3
   954 | D:2      | Noticed a centaur
   979 | D:2      | Killed a centaur
   979 | D:2      | Reached XP level 4. HP: 23/29 MP: 4/4
   979 | D:2      | Reached XP level 5. HP: 26/33 MP: 5/5
  1374 | D:2      | Found a runed door.
  1378 | D:2      | Noticed Crazy Yiuf
  1391 | D:2      | Paralysed by Crazy Yiuf for 3 turns
  1395 | D:2      | Killed Crazy Yiuf
  1779 | D:2      | Noticed Terence
  1793 | D:2      | Killed Terence
  2246 | D:3      | Noticed Jessica
  2273 | D:3      | Killed Jessica
  2273 | D:3      | Reached XP level 6. HP: 39/39 MP: 6/6
  2614 | D:3      | Found a bloodstained altar of Trog.
  2938 | D:4      | Noticed Natasha
  2953 | D:4      | Killed Natasha
  2998 | D:4      | Noticed Natasha
  3004 | D:4      | Killed Natasha
  3043 | D:4      | Noticed a phantom
  3055 | D:3      | Reached skill level 5 in Fighting
  3055 | D:3      | Reached skill level 5 in Armour
  3055 | D:3      | Reached skill level 5 in Shields
  3082 | D:4      | Reached XP level 7. HP: 44/44 MP: 7/7
  3242 | D:4      | Noticed Natasha
  3267 | D:4      | Killed Natasha
  3649 | D:5      | Entered Level 5 of the Dungeon
  3832 | D:5      | Found a glowing golden altar of the Shining One.
  4243 | D:5      | Reached XP level 8. HP: 47/51 MP: 8/8
  5199 | D:6      | Found the amulet of the Four Winds {rN+ MR+++ Clar}
  5448 | D:6      | Noticed Edmund
  5663 | D:6      | Killed Edmund
  5802 | D:6      | Noticed Pikel
  5826 | D:6      | Killed Pikel
  5826 | D:6      | Reached skill level 5 in Axes
  6026 | D:6      | Noticed Eustachio
  6037 | D:6      | Killed Eustachio
  6037 | D:6      | Reached XP level 9. HP: 56/56 MP: 9/9
  6208 | D:6      | Noticed Prince Ribbit
  7314 | D:7      | Found a staircase to the Ecumenical Temple.
  7525 | D:7      | Reached XP level 10. HP: 64/64 MP: 10/10
  8282 | D:6      | Killed Prince Ribbit
  8699 | Temple   | Entered the Ecumenical Temple
  8713 | Temple   | Became a worshipper of Warmaster Okawaru
  9634 | D:8      | Got a shimmering falchion
  9639 | D:8      | Identified the cursed +1 falchion "Waeduv Call" {speed, rC+
                  | Str-4 Int+4} (You found it on level 8 of the Dungeon)
  9901 | D:9      | Noticed a two-headed ogre
 10055 | D:9      | Reached * piety under Okawaru
 10391 | D:9      | Killed a two-headed ogre
 10448 | D:9      | Reached ** piety under Okawaru
 10774 | D:9      | Reached XP level 11. HP: 70/71 MP: 11/11
 10803 | D:9      | Found a burning altar of Makhleb.
 11033 | D:10     | Entered Level 10 of the Dungeon
 11236 | D:10     | Reached *** piety under Okawaru
 11344 | D:10     | Noticed a three-headed hydra
 11360 | D:10     | Killed a one-headed hydra
 11360 | D:10     | Reached skill level 10 in Fighting
 11360 | D:10     | Reached skill level 10 in Armour
 11427 | D:10     | Noticed a two-headed ogre
 11439 | D:10     | Reached skill level 10 in Shields
 11445 | D:10     | Killed a two-headed ogre
 11445 | D:10     | Received a gift from Okawaru
 11651 | D:10     | Found a staircase to the Orcish Mines.
 12016 | D:10     | Reached **** piety under Okawaru
 13256 | D:11     | Found a staircase to the Lair.
 13343 | D:11     | Killed an unseen horror
 13361 | D:11     | Noticed a two-headed ogre
 13630 | D:11     | Reached ***** piety under Okawaru
 13694 | D:11     | Killed a two-headed ogre
 13694 | D:11     | Reached XP level 12. HP: 58/79 MP: 12/12
 13953 | D:11     | Found Lafa's Weapon Boutique.
 14534 | Lair:1   | Entered Level 1 of the Lair of Beasts
 14579 | Lair:1   | Reached skill level 1 in Invocations
 14823 | Lair:1   | Noticed a seven-headed hydra
 14834 | Lair:1   | Killed a one-headed hydra
 14834 | Lair:1   | Received a gift from Okawaru
 14837 | Lair:1   | Got a bloodstained plate armour {god gift}
 14849 | Lair:1   | Identified the +4 plate armour of Voschuoru {rElec}
                  | (Okawaru gifted it to you on level 1 of the Lair of Beasts)
 15120 | Lair:1   | Noticed a four-headed hydra
 15131 | Lair:1   | Killed a one-headed hydra
 15193 | Lair:1   | Noticed a four-headed hydra
 15197 | Lair:1   | Killed a one-headed hydra
 15862 | Lair:2   | Noticed a seven-headed hydra
 15884 | Lair:2   | Killed a one-headed hydra
 15925 | Lair:2   | Reached XP level 13. HP: 71/85 MP: 16/16
 16014 | Lair:2   | Reached skill level 10 in Axes
 16130 | Lair:2   | Noticed Gastronok
 16163 | Lair:2   | Killed Gastronok
 16163 | Lair:2   | Reached skill level 5 in Invocations
 16300 | Lair:2   | Noticed Erica
 16321 | Lair:2   | Killed Erica
 16321 | Lair:2   | Received a gift from Okawaru
 16517 | Lair:2   | Found a runed gate.
 16517 | Lair:2   | Found a runed gate.
 16517 | Lair:2   | Found a runed gate.
 16519 | Lair:2   | Noticed Todghulog's ghost (journeyman CeAK)
 17137 | Lair:3   | Found a staircase to the Swamp.
 17689 | Lair:3   | Reached ****** piety under Okawaru
 17736 | Lair:3   | Noticed Rupert
 18203 | Lair:3   | Found a runed gate.
 18203 | Lair:3   | Found a runed gate.
 18203 | Lair:3   | Found a runed gate.
 18212 | Lair:3   | Noticed Ramuipp's ghost (journeyman OpSk)
 18310 | Lair:3   | Killed Ramuipp's ghost
 18310 | Lair:3   | Received a gift from Okawaru
 18999 | Lair:3   | Annihilated by Rupert

Skill      XL: |  1  2  3  4  5  6  7  8  9 10 11 12 13 |
---------------+----------------------------------------+-----
Axes           | 2 3 4 5 6 7 9 10 | 10.4
Fighting       | 4 5 6 8 9 10 11 12 | 12.4
Armour         | 4 5 7 8 9 10 11 12 | 12.4
Shields        | 4 5 6 8 9 10 11 12 | 12.3
Invocations    | 4 6 |  6.0

Action                   |  1- 3 |  4- 6 |  7- 9 | 10-12 | 13-15 || total
-------------------------+-------+-------+-------+-------+-------++-------
Melee: War axe           |   131 |   185 |   386 |       |       ||   702
       Broad axe         |       |       |   120 |   740 |   102 ||   962
       Hand axe          |       |       |       |   392 |   371 ||   763
       Battleaxe         |       |       |       |       |     5 ||     5
 Fire: Blowgun           |       |       |       |       |     4 ||     4
Throw: Javelin           |       |       |     4 |    23 |     5 ||    32
Evoke: Wand              |       |       |       |    35 |    17 ||    52
  Use: Potion            |     1 |       |     2 |     7 |     6 ||    16
       Scroll            |       |     6 |     3 |    18 |     6 ||    33
 Stab: Invisible         |       |     2 |     2 |       |       ||     4
       Distracted        |       |       |     1 |       |       ||     1
       Paralysed         |       |       |       |     3 |     2 ||     5
       Confused          |       |       |       |       |     1 ||     1
  Eat: Chunk             |     1 |     3 |     7 |     7 |     4 ||    22
       Ration            |       |     1 |     3 |     6 |     2 ||    12
Armor: Scale mail        |    68 |    92 |       |       |       ||   160
       Ring mail         |       |       |   276 |   552 |       ||   828
       Plate armour      |       |       |       |   127 |   252 ||   379
Dodge: Dodged            |    50 |    52 |   147 |   323 |    72 ||   644
Block: Shield            |    75 |   103 |   284 |   689 |   225 ||  1376
